 Seeded DCSS version 0.30.0-29-ga12c61a403 (webtiles) character file.

Game seed: 701750224110604655 (custom seed)

802 valliere the Sneak (level 7, -12/45 HPs)
             Began as an Octopode Air Elementalist on June 11, 2023.
             Mangled by an iguana (34 damage)
             ... on level 5 of the Dungeon.
             The game lasted 00:12:18 (5537 turns).

valliere the Sneak (Octopode Air Elementalist)      Turns: 5537, Time: 00:12:18

Health: -12/45     AC:  1    Str:  7    XL:     7   Next: 90%
Magic:  12/12      EV:  2    Int: 19    God:
Gold:   314        SH:  0    Dex: 13    Spells: 12/13 levels left

rFire   . . .        w - +9 bardiche of Wu Jian, Growing {freeze, rN+ SInv}
rCold   . . .        (shield currently unavailable)
rNeg    + + .        (helmet restricted)
rPois   .            (no amulet)
rElec   .            i - ring of positive energy
rCorr   .            (no ring)
SInv    +            (no ring)
Will    .....        (no ring)
Stlth   ++++         (no ring)
HPRegen 0.27/turn    (no ring)
MPRegen 0.13/turn    (no ring)
                     (no ring)

%: no passive effects
@: sleeping
A: almost no armour, amphibious, 8 rings, camouflage 1, gelatinous body 1,
(nimble swimmer 1), tentacles
a: no special abilities


You were on level 5 of the Dungeon.
You visited 1 branch of the dungeon, and saw 5 of its levels.
You also visited: Sewer.

You collected 314 gold pieces.

Inventory:

Hand Weapons
 g - a +0 dagger
 l - a +2 dagger of venom
 w - the +9 bardiche of Wu Jian, Growing (weapon) {freeze, rN+ SInv}
   (You found it on level 2 of the Dungeon)

   rN:        It protects you from negative energy.
   SInv:      It lets you see invisible.
Jewellery
 i - a ring of positive energy (left tentacle)
Wands
 u - a wand of digging (5)
Scrolls
 b - a scroll of immolation {unknown}
 d - 5 scrolls of teleportation
 h - 2 scrolls of brand weapon {unknown}
 j - a scroll of blinking {unknown}
 m - 2 scrolls of enchant weapon {unknown}
 p - a scroll of silence {unknown}
 r - a scroll of fog {unknown}
 s - a scroll of magic mapping {unknown}
 v - a scroll of enchant armour {unknown}
Potions
 a - a potion of magic
 c - a potion of might {unknown}
 e - a potion of resistance {unknown}
 f - 2 potions of brilliance {unknown}
 k - a potion of heal wounds {unknown}
 n - a potion of mutation {unknown}
 o - 4 potions of flight
 q - a potion of haste {unknown}
 t - a potion of cancellation {unknown}


   Skills:
 + Level 2.6 Fighting
 + Level 2.6 Polearms
 + Level 3.5 Dodging
 + Level 5.2 Stealth
 + Level 3.5 Spellcasting
 + Level 3.0 Conjurations
 + Level 2.1 Transmutations
 + Level 4.3 Air Magic


You had 12 spell levels left.
You knew the following spells:

 Your Spells              Type           Power      Damage    Failure   Level
a - Shock                 Conj/Air       68%        1d7       3%          1

Your spell library contained the following spells:

 Spells                   Type           Power      Damage    Failure   Level
 Static Discharge         Conj/Air       34%        2-4/arc   4%          2
 Swiftness                Air            19%        N/A       8%          3
 Momentum Strike          Conj/Tloc      18%        3d8       12%         2
 Blink                    Tloc           6%         N/A       22%         2
 Lesser Beckoning         Tloc           6%         N/A       22%         2
 Airstrike                Air            9%         2d(2-18)  24%         4
 Gell's Gravitas          Tloc           3%         N/A       41%         3
 Teleport Other           Tloc           3%         N/A       41%         3


Dungeon Overview and Level Annotations

Branches:
Dungeon (5/15)              Sewer (visited)
 Temple: D:4-7

Altars:
Hepliaklqana

Shops:
D:1 =


Innate Abilities, Weirdness & Mutations

You cannot wear most types of armour.
You are amphibious.
You can wear up to eight rings at the same time.
Your skin changes colour to match your surroundings (Stealth+).
Your rubbery body absorbs attacks. (AC +1, EV +1)
((You are camouflaged when in or above water. (Stealth+)))
You have tentacles for arms and can constrict up to eight enemies at once.


Message History

You kill the hound!
An iguana comes into view.
An iguana is nearby!
The zap hits the iguana.
The iguana is lightly wounded.
The iguana hisses angrily.
The zap hits the iguana.
The iguana is moderately wounded.
The black bear growls angrily.
The zap hits the iguana.
The iguana is moderately wounded.
A sleepcap comes into view.
There is a stone staircase leading up here.
The zap misses the black bear.
The zap hits the black bear.
The black bear is lightly wounded.
The black bear closely misses you. The black bear claws you.
The black bear misses you.
You climb upwards.
There is a stone staircase leading down here.
You slash the black bear! You freeze the black bear.
Your grab misses the black bear.
The black bear is heavily wounded.
The black bear bites you! The black bear completely misses you.
The black bear claws you. The black bear barely misses you.
The black bear closely misses you. The black bear completely misses you.
You slash the black bear! You freeze the black bear.
You kill the black bear!
Your Conjurations skill increases to level 3!
Your Transmutations skill increases to level 2!
HP restored.
Magic restored.
Partly explored, can't reach some places.
You climb downwards.
The sleepcap misses you. The iguana bites you. The iguana bites you!
The sleepcap releases spores at you.
You are engulfed in a cloud of soporific spores!
You fall asleep.
The iguana bites you!!
Ouch! That really hurt!
You die...

.... #.. ###+##
.###..##....#
............#
............#
...........#
#.....<.# ##
####.......###.#
.............@..#
..............fl.#
.....>...........#
.........†...##..#
.............# ..#
..........†..#
..!.
.............+
.....
.............#
..##..#
h......!.....# ..#
..#


You could see a sleepcap and an iguana.

Vanquished Creatures
  Grinder (D:4)
  A black bear (D:4)
  2 ogres (D:4)
  A hound (D:5)
  A jelly (D:4)
  An iguana (D:5)
  An orc wizard (D:3)
  A sickly merfolk siren (Sewer)
  A malarious merfolk avatar (Sewer)
  5 adders
  A river rat (Sewer)
  4 worms
  3 dart slugs
  11 orcs
  6 ball pythons
  8 bats
  5 endoplasms
  2 giant cockroaches (Sewer)
  5 goblins
  8 hobgoblins
  9 jackals
  11 kobolds
  5 quokkas
  4 frilled lizards
  25 rats
122 creatures vanquished.

Notes
Turn   | Place    | Note
-------+----------+-------------------------------------------
     0 | D:1      | valliere the Octopode Air Elementalist began the quest for
                  | the Orb.
     0 | D:1      | Reached XP level 1. HP: 11/11 MP: 3/3
   238 | D:1      | Reached XP level 2. HP: 17/17 MP: 3/5
   267 | D:1      | Reached skill level 3 in Stealth
   893 | D:1      | Found Dumaxi's Jewellery Emporium.
  1032 | D:1      | Reached XP level 3. HP: 18/22 MP: 2/6
  1382 | D:2      | You fall into a shaft and drop 2 floors!
  1607 | D:3      | Found a glowing drain.
  1672 | Sewer    | Entered a sewer
  1785 | Sewer    | Reached XP level 4. HP: 27/27 MP: 2/7
  1857 | Sewer    | Reached skill level 1 in Polearms
  2009 | Sewer    | Reached skill level 1 in Fighting
  2317 | Sewer    | Reached XP level 5. HP: 29/33 MP: 0/8
  2891 | D:2      | Identified the +9 bardiche of Wu Jian, Growing {freeze, rN+
                  | SInv}
  3502 | D:3      | Reached skill level 4 in Stealth
  3659 | D:3      | Identified the +1 war axe of Weak Prudence {flame, rPois
                  | Int-3 Dex+2 Stlth+}
  4059 | D:4      | Reached XP level 6. HP: 39/39 MP: 5/10
  4271 | D:4      | Found a hazy altar of Hepliaklqana.
  4669 | D:4      | Reached skill level 1 in Transmutations
  4669 | D:4      | Reached XP level 7. HP: 45/45 MP: 11/11
  4702 | D:4      | Identified the +5 short sword "Qiynaa" {flame, Str+4 SInv}
  4702 | D:4      | Noticed Grinder
  4720 | D:4      | Paralysed by Grinder for 4 turns
  4728 | D:4      | Killed Grinder
  5389 | D:5      | Entered Level 5 of the Dungeon
  5401 | D:5      | Reached skill level 5 in Stealth
  5537 | D:5      | Mangled by an iguana

Illustrated notes

Levels and vault maps discovered:
D:1:      dpeg_arrival_orchard, layout_loops_ring, serial_shops, shop
D:2:      layout_loops_cross
D:3:      layout_basic, portal_sewer_entry_b, kennysheep_nub,
          serial_bayou_pond_d
D:4:      layout_loops_cross, mainiacjoe_overflow_brackets, uniq_grinder,
          uniq_crazy_yiuf_cottage
D:5:      lemuel_castle_with_subvaults [lemuel_castle_interior_carwin_2],
          layout_gridville, vehumet_crystals, lemuel_doored_altar,
          gammafunk_temple_overflow_forgotten, kennysheep_small_square

Skill      XL: |  1  2  3  4  5  6  7 |
---------------+----------------------+-----
Stealth        | 3 4 5 |  5.2
Polearms       | 1 2 |  2.6
Fighting       | 1 2 |  2.6
Conjurations   | 2 3 |  3.0
Dodging        | 3 |  3.5
Spellcasting   | 3 |  3.5
Transmutations | 1 2 |  2.1
Air Magic      | 4 |  4.3

Action                     |  1- 3 |  4- 6 |  7- 9 || total
---------------------------+-------+-------+-------++-------
  Melee: Unarmed           |     4 |       |       ||     4
         Tentacles         |     3 |    14 |     5 ||    22
         Constrict         |     3 |    11 |     3 ||    17
         Dagger            |    10 |    34 |     8 ||    52
         Bardiche          |       |       |     4 ||     4
         Punch             |       |       |     2 ||     2
   Cast: Shock             |    78 |   143 |    40 ||   261
   Stab: Sleeping          |       |     1 |       ||     1
 Armour: Skin              |     3 |       |       ||     3
  Dodge: Dodged            |    14 |    22 |     8 ||    44
